 Dungeon Crawl Stone Soup version 0.22-a0-346-ga714374 (webtiles) character file.

161151 4thArraOfDagon the Severer (level 17, 0/197 HPs)
             Began as a Hill Orc Conjurer on Apr 5, 2018.
             Was a High Priest of Beogh.
             Killed from afar by a deep elf mage (30 damage)
             ... with a bolt of magma
             ... on level 2 of the Elven Halls on Apr 6, 2018.
             The game lasted 01:29:30 (17276 turns).

4thArraOfDagon the Severer (Hill Orc Conjurer)     Turns: 17276, Time: 01:29:30

Health: 0/197      AC: 29    Str: 13    XL:     17   Next: 78%
Magic:  23/36      EV: 13    Int: 28    God:    Beogh [*****.]
Gold:   2373       SH:  0    Dex:  9    Spells: 8/30 levels left

rFire    x . .     SeeInvis .   q - +8 battleaxe (vamp)
rCold    + + +     Gourm    .   (shield currently unavailable)
rNeg     + . .     Faith    .   (armour currently unavailable)
rPois    ∞         Spirit   .   s - +1 helmet "Zuhewk" {rPois rF- rC+++ Regen+}
rElec    +         Reflect  .   Q - scarf {cloud immunity}
rCorr    .         Harm     .   (gloves currently unavailable)
MR       ++...                  (boots currently unavailable)
Stlth    +.........             n - amulet of the acrobat
HPRegen  0.82/turn              z - ring of the Albatross {rElec MR+ Int+3}
MPRegen  0.25/turn              X - ring of Suemn {MP+9 Int+5}

@: statue-form, drained, very slow
A: walk on water, clumsy 1, MP-powered wands
a: End Transformation, Smiting, Recall Orcish Followers, Give Item to Named
Follower, Renounce Religion


You were on level 2 of the Elven Halls.
You worshipped Beogh.
Beogh was extremely pleased with you.
You were not hungry.
You were a stone statue.
You visited 4 branches of the dungeon, and saw 26 of its levels.
You visited the Abyss 1 time.
You also visited: Sewer.

You collected 3748 gold pieces.
You spent 1375 gold pieces at shops.

Inventory:

Hand Weapons
 q - a +8 vampiric battleaxe (weapon)
 w - a +0 blowgun
Missiles
 x - 12 curare-tipped needles
 J - a throwing net (quivered)
Armour
 a - a +2 pair of boots (melded)
 h - the +3 robe of Folly {Archmagi, MR-- Int+5}
   (You took it off a deep elf death mage on level 3 of the Elven Halls)

   It affects your intelligence (+5).
   It affects your resistance to hostile enchantments.
 s - the +1 helmet "Zuhewk" (worn) {rPois rF- rC+++ Regen+}
   (You took it off Robin on level 3 of the Dungeon)

   It makes you vulnerable to fire.
   It renders you almost immune to cold.
   It protects you from poison.
   It increases your rate of regeneration.
 I - the +10 large shield of Ignorance {rN+ Int-4}
   (You found it on level 1 of the Orcish Mines)

   It affects your intelligence (-4).
   It protects you from negative energy.
 Q - a scarf of cloud immunity (worn)
 S - the +0 pair of gloves "Gouzivoa" (melded) {Str+7}
   (You found it on level 9 of the Dungeon)

   It affects your strength (+7).
 W - a +4 troll leather armour (melded) {Snorg}
Magical Staves
 A - an uncursed staff of poison {unknown}
 P - an uncursed staff of wizardry {unknown}
Jewellery
 b - the ring "Xiquizuri" {Fire rN+ MR+ Dex-5}
   (You found it on level 1 of the Elven Halls)

   [ring of fire]

   It enhances your fire magic.
   It affects your dexterity (-5).
   It protects you from fire.
   It makes you vulnerable to cold.
   It protects you from negative energy.
   It affects your resistance to hostile enchantments.
 n - an amulet of the acrobat (around neck)
 y - an uncursed ring of protection from fire
 z - the ring of the Albatross (left hand) {rElec MR+ Int+3}
   (You took it off a deep elf elementalist on level 3 of the Elven Halls)

   [ring of protection from magic]

   It affects your intelligence (+3).
   It insulates you from electricity.
   It affects your resistance to hostile enchantments.
 U - an uncursed ring of positive energy
 X - the ring of Suemn (right hand) {MP+9 Int+5}
   (You took it off a deep elf annihilator on level 3 of the Elven Halls)

   [ring of magical power]

   It affects your intelligence (+5).
   It affects your magic capacity (+9).
Wands
 r - a wand of scattershot (8)
 C - a wand of paralysis (20)
 D - a wand of digging (8)
 H - a wand of iceblast (34)
 M - a wand of acid (12)
Scrolls
 m - a scroll of summoning
 o - 5 scrolls of immolation
 p - 11 scrolls of teleportation
 B - 2 scrolls of magic mapping
 F - a scroll of holy word
 G - 4 scrolls of blinking
 N - 2 scrolls of fog
 R - 3 scrolls of fear
 Z - 6 scrolls of remove curse
Potions
 f - 2 potions of brilliance
 g - 4 potions of ambrosia
 i - 12 potions of curing
 j - 2 potions of resistance
 k - 2 potions of haste
 l - 3 potions of magic
 u - 4 potions of lignification
 v - 7 potions of agility
 E - 3 potions of heal wounds
 K - 2 potions of might
 L - 4 potions of flight
 T - 2 potions of berserk rage
 Y - 3 potions of invisibility
Miscellaneous
 d - a sack of spiders
 e - a lamp of fire
 O - 3 boxes of beasts
 V - a phantom mirror
Comestibles
 c - 41 rations


   Skills:
 - Level 14.0(12.8) Fighting
 - Level 20.0(18.7) Axes
 - Level 9.0(8.0) Armour
 + Level 5.5(4.6) Dodging
 - Level 1.5(0.7) Stealth
 - Level 7.0(6.0) Spellcasting
   Level 4.0(3.1) Conjurations
 - Level 4.5(3.7) Charms
 - Level 5.1(4.2) Necromancy
 - Level 9.0(8.0) Transmutations
 * Level 13.7(12.6) Earth Magic
 - Level 8.2(7.2) Invocations


You had 8 spell levels left.
You knew the following spells:

 Your Spells              Type           Power        Failure   Level  Hunger
b - Lee's Rapid Deconstr  Erth           ######....   1%          5    #####..
c - Statue Form           Tmut/Erth      ######...    13%         6    ######.
d - Passwall              Tmut/Erth      ######....   1%          2    None
e - Passage of Golubria   Tloc           N/A          52%         4    ###....
f - Sublimation of Blood  Necr           ####......   1%          2    None
g - Regeneration          Chrm/Necr      ####......   3%          3    None


Dungeon Overview and Level Annotations

Branches:
Dungeon (15/15)            Temple (0/1) D:5            Lair (6/6) D:10
 Spider (0/4) Lair:3        Slime (0/5) Lair:5          Orc (2/2) D:9
    Elf (3/3) Orc:2        Vaults (0/5) D:13         Depths (0/5) D:15
  Swamp: Lair:2-4    Shoals: Lair:2-4

Altars:
Dithmenos
Fedhas
Makhleb
Okawaru
Uskayaw
Vehumet
Xom
Jiyva

Shops:
D:6 [   Orc:1 }   Orc:2 =?::   Elf:3 *

Annotations:
D:4 exclusion: statue


Innate Abilities, Weirdness & Mutations

You can walk on water.
You are clumsy. (Dex -2)
You expend magic power (3 MP) to strengthen your wands.


Message History

Aiming: Smiting
Press: ? - help, Dir - move target cursor, f/p - deep elf blademaster Smite: a deep elf blademaster, wielding two rapiers and wearing a leather armour (almost dead)
You smite the deep elf blademaster!
You kill the deep elf blademaster!
Beogh accepts your kill.
The flail of protection hits you but does no damage.
The deep elf mage casts a spell at you. The stone arrow hits you!
* * * LOW HITPOINT WARNING * * *
The bardiche of flaming hits you but does no damage.
The earth elemental hits you!
* * * LOW HITPOINT WARNING * * *
The earth elemental misses you.
The deep elf knight hits you but does no damage.
The flail of protection hits you.
* * * LOW HITPOINT WARNING * * *
The deep elf mage points at you and mumbles some strange words.
The bolt of magma hits you! The lava burns you terribly!
You die...

###### ... ##....## ..##
#. #......## ...## ##...
.......(## #...##.(...
.........# ##..........
.........# ##...(e*.....
.........# #.E)e........
........## #E8e........
#))>...## ##.(........
#'####'# ##.......... #.#
#.# ##...........
#.####.#######............
...)........###...........
####.......## ##..........
#.#####.# ##...#...... #.
#.# ##...###.....


You could see a deep elf knight, 2 earth elementals, 2 deep elf magi, 3 dancing
weapons and a battlesphere.

Vanquished Creatures
  Nikola (Elf:3)
  5 deep elf blademasters
  2 deep elf master archers (Elf:3)
  Kirke (Lair:6)
  10 deep elf sorcerers
  7 deep elf elementalists (Elf:3)
  4 deep elf demonologists (Elf:3)
  8 deep elf annihilators (Elf:3)
  4 deep elf death magi
  Snorg (Lair:5)
  A blizzard demon (Abyss:2)
  7 deep elf high priests
  Erolcha (D:9)
  An ice dragon (Lair:6)
  A hydra (Lair:6)
  A hell beast (D:10)
  A death knight (D:15)
  A centaur warrior (D:13)
  13 dancing weapons
  A tengu warrior (D:15)
  An alligator (shapeshifter) (Elf:3)
  A two-headed ogre (D:12)
  5 death yaks (Lair:6)
  An orc high priest (Orc:2)
  8 deep elf knights
  A fire crab (Lair:4)
  A skeletal warrior (D:15)
  A spatial maelstrom (Abyss:2)
  7 deep elf archers
  An unseen horror (D:14)
  2 necromancers (Elf:2)
  2 orange crystal statues (Orc:1)
  23 deep elf magi
  2 cyclopes
  A wolf spider (Lair:6)
  2 elephants (Lair:3)
  A rust devil (D:10)
  6 large abominations
  9 black mambas
  A guardian serpent (Lair:6)
  4 torpor snails (Lair:6)
  2 smoke demons (Abyss:2)
  2 gargoyles
  A centaur skeleton (D:15)
  8 spiny frogs
  A freezing wraith (D:15)
  6 komodo dragons
  A queen bee (Lair:1)
  A tengu conjurer (D:15)
  2 trolls
  3 tyrant leeches (Lair:6)
  8 hornets (Lair:6)
  Grinder (D:3)
  13 blink frogs
  3 dream sheep (Lair:6)
  3 raiju (Abyss:2)
  6 hippogriffs
  2 air elementals
  2 water elementals
  Sigmund (D:4)
  25 yaks
  A shadow (D:15)
  A centaur simulacrum (D:10)
  2 redbacks (Lair:6)
  4 fire elementals
  2 hogs (Lair:6)
  A fire bat (Lair:4)
  7 wyverns
  A basilisk (Lair:6)
  A hungry ghost (D:14)
  A vampire mosquito (D:15)
  2 chaos spawn (Abyss:2)
  2 wargs (Orc:2)
  A neqoxec (Abyss:2)
  18 water moccasins
  5 porcupines
  3 sky beasts
  2 ice beasts
  A black bear (D:8)
  4 necrophages
  4 phantoms
  14 wolves
  An eye of draining (D:14)
  4 ogres
  3 centaurs
  6 crocodiles
  A small abomination (Abyss:2)
  5 big kobolds
  2 elf zombies (Elf:2)
  6 bullfrogs
  Blork the orc (D:4)
  An earth elemental (Elf:2)
  2 scorpions
  18 killer bees (Lair:1)
  7 wights
  2 howler monkeys
  4 electric eels (Elf:3)
  3 hounds
  2 crimson imps (D:5)
  2 orc wizards (D:4)
  5 orc priests
  2 jellies
  Ijyb (D:4)
  Natasha (D:2)
  6 iguanas
  3 worker ants
  Robin (D:3)
  A howler monkey skeleton (D:4)
  12 adders
  A gnoll (D:7)
  6 river rats (Sewer)
  A shadow imp (D:8)
  3 oozes
  3 adder skeletons
  3 worms
  A dart slug (D:2)
  2 leopard geckos
  15 orcs
  7 bats
  9 giant cockroaches
  21 goblins
  6 hobgoblins
  5 jackals
  26 kobolds
  6 quokkas
  6 ball pythons
  5 frilled lizards
  A leopard gecko skeleton (D:4)
  25 rats
  2 crawling corpses (Elf:3)
  5 plants
580 creatures vanquished.

Vanquished Creatures (collateral kills)
  Jorgrun (Elf:3)
  A fire dragon (D:15)
  A catoblepas (D:14)
  A hydra (D:12)
  8 vault guards (D:13)
  An ice dragon (D:15)
  A centaur warrior (D:13)
  A death knight (D:15)
  8 two-headed ogres
  2 dancing weapons
  Urug (D:11)
  3 orc high priests (Orc:2)
  A skeletal warrior (D:15)
  2 orange crystal statues (Orc:1)
  A swamp dragon (Orc:2)
  A deep elf archer (Elf:2)
  A lindwurm (Lair:6)
  A wolf spider zombie (D:15)
  2 manticores
  4 cyclopes
  10 deep elf magi
  An ugly thing (D:13)
  A black mamba (Lair:2)
  3 elephants
  A centaur skeleton (D:12)
  A gargoyle (D:14)
  4 spiny frogs
  A komodo dragon (D:12)
  2 red devils (D:10)
  4 trolls
  A large abomination (Elf:2)
  2 hornets (Lair:6)
  4 slime creatures (D:12)
  A polar bear (D:10)
  A tyrant leech (Lair:6)
  A meliai zombie (D:13)
  3 blink frogs
  3 hippogriffs
  2 wraiths
  A fire elemental (Elf:1)
  9 yaks
  4 basilisks
  A water elemental (Elf:1)
  A wyvern (D:13)
  A human (D:8)
  A fire bat (Lair:4)
  4 hogs (D:8)
  4 hungry ghosts
  A steam dragon (D:9)
  4 vampire mosquitoes
  2 wargs
  A soldier ant (D:13)
  2 acid dragons (D:15)
  3 water moccasins
  A hell hound (Lair:4)
  6 orc warriors
  2 porcupines (Lair:3)
  A black bear (D:8)
  A sky beast (D:10)
  An eye of draining (D:8)
  4 ice beasts
  6 ogres
  2 necrophages
  A wolf (Lair:2)
  2 phantoms
  4 centaurs
  4 crocodiles
  4 big kobolds
  4 bullfrogs
  A scorpion (D:13)
  8 killer bees
  16 wights
  3 howler monkeys
  2 electric eels
  A crimson imp (D:15)
  2 bullfrog zombies
  A quasit (D:8)
  2 hounds
  11 orc priests
  5 iron imps (D:10)
  9 orc wizards
  A bullfrog skeleton (D:10)
  8 iguanas
  4 worker ants
  3 hound skeletons
  6 gnolls
  3 adders
  A shadow imp (D:11)
  3 white imps (D:10)
  A howler monkey simulacrum (D:10)
  2 worker ant simulacra (D:10)
  An adder skeleton (D:9)
  An adder zombie (D:9)
  2 leopard geckos
  14 orcs
  5 giant cockroaches
  A goblin (D:9)
  2 jackals (D:7)
  3 quokkas
  10 kobolds
  2 plants (Lair:3)
304 creatures vanquished.

Vanquished Creatures (others)
  The ghost of DEFE the Thaumaturge, a journeyman DEWn of Vehumet (Lair:4)
  3 orc knights
  A deep elf mage (Elf:3)
  An orc sorcerer (Orc:2)
  A dream sheep (Lair:6)
  3 humans (Lair:6)
  13 orc warriors
  15 orc priests
  16 orc wizards
  An adder (D:3)
  46 orcs
  A kobold (D:3)
  7 fungi (Lair:6)
  32 plants (Lair:6)
141 creatures vanquished.

Grand Total: 1025 creatures vanquished

Notes
Turn   | Place    | Note
-------+----------+-------------------------------------------
     0 | D:1      | 4thArraOfDagon the Hill Orc Conjurer began the quest for the Orb.
     0 | D:1      | Reached XP level 1. HP: 14/14 MP: 3/3
    59 | D:1      | Reached skill level 1 in Fighting
   182 | D:2      | Reached XP level 2. HP: 24/24 MP: 0/4
   510 | D:1      | Reached XP level 3. HP: 17/31 MP: 0/5
   644 | D:3      | Found a hide-covered altar of Uskayaw.
   674 | D:3      | Became a worshipper of Beogh the Brigand
   726 | D:3      | Found a burning altar of Makhleb.
   973 | D:2      | 4thArraOfDagon: ??megazig
   973 | D:2      | beem: I don't have a page labeled megazig in my learndb.
   973 | D:2      | 4thArraOfDagon: ??mega
   973 | D:2      | beem: I don't have a page labeled mega in my learndb.
   988 | D:2      | Noticed Natasha
  1028 | D:1      | Reached XP level 4. HP: 40/40 MP: 3/6
  1156 | D:1      | Reached * piety under Beogh
  1953 | D:2      | Killed Natasha
  1953 | D:2      | Reached skill level 5 in Fighting
  2002 | D:2      | Reached XP level 5. HP: 23/48 MP: 7/7
  2187 | D:2      | Found a shadowy altar of Dithmenos.
  2299 | D:3      | Noticed Grinder
  2345 | D:3      | Reached skill level 1 in Invocations
  2410 | D:3      | Noticed Robin
  2465 | D:3      | Killed Robin
  2467 | D:3      | Got a transparent helmet
  2478 | D:3      | Identified the +1 helmet "Zuhewk" {rPois rF- rC+++ Regen+} (You took it off Robin on level 3 of the Dungeon)
  2483 | D:3      | :O
  2579 | D:3      | Killed Grinder
  2579 | D:3      | Reached skill level 5 in Invocations
  2579 | D:3      | Reached XP level 6. HP: 56/56 MP: 7/10
  2791 | D:4      | Found a blossoming altar of Fedhas.
  3021 | D:4      | Noticed Sigmund
  3026 | D:4      | Killed Sigmund
  3026 | D:4      | Reached XP level 7. HP: 61/61 MP: 9/12
  3055 | D:4      | Reached ** piety under Beogh
  3154 | D:4      | Found a radiant altar of Vehumet.
  3207 | D:4      | Noticed Blork the orc
  3225 | D:4      | Killed Blork the orc
  3268 | D:4      | Got a dazzling flail
  3273 | D:4      | Identified the cursed +1 flail "Hesau" {venom, MR+} (You found it on level 4 of the Dungeon)
  3377 | D:4      | Reached skill level 1 in Armour
  3682 | D:4      | Noticed Ijyb
  3697 | D:4      | Killed Ijyb
  3697 | D:4      | Reached XP level 8. HP: 68/70 MP: 14/14
  3751 | D:5      | Entered Level 5 of the Dungeon
  3784 | D:5      | Found a staircase to the Ecumenical Temple.
  4396 | D:6      | Reached skill level 5 in Armour
  4424 | D:6      | Reached *** piety under Beogh
  4508 | D:6      | Found Gaiphar's Antique Armour Emporium.
  4519 | D:6      | Bought a smoking chain mail for 209 gold pieces
  4519 | D:6      | Bought an embroidered scarf for 176 gold pieces
  4530 | D:6      | Found a glowing drain.
  4551 | Sewer    | Entered a sewer
  4562 | Sewer    | Identified the +2 chain mail "Idufref" {Int+2} (You bought it in a shop on level 6 of the Dungeon)
  4601 | Sewer    | Reached XP level 9. HP: 59/80 MP: 4/15
  4849 | Sewer    | Reached **** piety under Beogh
  5181 | D:7      | Found an iron altar of Okawaru.
  5200 | D:7      | Thaneod: :)
  5361 | D:7      | Reached ***** piety under Beogh
  5531 | D:8      | Reached skill level 10 in Fighting
  5568 | D:8      | Gained Wardok as an ally
  5695 | D:8      | Reached XP level 10. HP: 84/92 MP: 16/16
  5696 | D:8      | Noticed a two-headed ogre
  5701 | D:8      | Killed a two-headed ogre
  5829 | D:8      | Found a shadowy altar of Dithmenos.
  5904 | D:9      | Noticed Erolcha
  5909 | D:9      | Killed Erolcha
  5911 | D:9      | Gained Horkud as an ally
  5912 | D:9      | Got a heavily jewelled robe
  5940 | D:9      | Got a pair of heavily runed gloves
  5946 | D:9      | Identified the +0 pair of gloves "Gouzivoa" {Str+7} (You found it on level 9 of the Dungeon)
  5948 | D:9      | Found a staircase to the Orcish Mines.
  6017 | D:9      | Noticed a two-headed ogre
  6025 | D:9      | Killed a two-headed ogre
  6293 | D:10     | Entered Level 10 of the Dungeon
  6312 | D:10     | Noticed an elephant
  6331 | D:10     | Found a staircase to the Lair.
  6347 | D:10     | Killed an elephant
  6381 | D:10     | Reached skill level 1 in Axes
  6416 | D:10     | Reached skill level 2 in Axes
  6447 | D:10     | Reached skill level 3 in Axes
  6447 | D:10     | Reached XP level 11. HP: 88/108 MP: 17/17
  6570 | D:10     | Found a burning altar of Makhleb.
  6570 | D:10     | Noticed a hell beast
  6583 | D:10     | Reached skill level 4 in Axes
  6613 | D:10     | Reached skill level 5 in Axes
  6620 | D:10     | Killed a hell beast
  6620 | D:10     | Reached skill level 7 in Axes
  6854 | D:11     | Noticed a two-headed ogre
  6865 | D:11     | Killed a two-headed ogre
  6865 | D:11     | Reached skill level 8 in Axes
  6866 | D:11     | Noticed a cyclops
  6868 | D:11     | Noticed Urug
  6877 | D:11     | Killed Urug
  6878 | D:11     | Killed a cyclops
  6878 | D:11     | Reached skill level 9 in Axes
  6879 | D:11     | Noticed a cyclops
  6885 | D:11     | Killed a cyclops
  6953 | D:11     | Got an ancient mace
  6971 | D:11     | Got an ichor-stained ring mail
  6981 | D:11     | Noticed a two-headed ogre
  6987 | D:11     | Killed a two-headed ogre
  6987 | D:11     | Reached skill level 10 in Axes
  7072 | D:11     | Reached skill level 11 in Axes
  7244 | D:11     | Noticed a two-headed ogre
  7250 | D:11     | Killed a two-headed ogre
  7278 | D:11     | Reached skill level 12 in Axes
  7472 | D:12     | Noticed a two-headed ogre
  7479 | D:12     | Killed a two-headed ogre
  7479 | D:12     | Reached XP level 12. HP: 93/115 MP: 18/18
  7536 | D:12     | Reached skill level 13 in Axes
  7538 | D:12     | Noticed an eight-headed hydra
  7542 | D:12     | Killed an eight-headed hydra
  7612 | D:12     | Reached ****** piety under Beogh
  7843 | D:12     | Noticed a two-headed ogre
  7852 | D:12     | Killed a two-headed ogre
  7852 | D:12     | Reached skill level 14 in Axes
  7921 | D:13     | Noticed a centaur warrior
  7923 | D:13     | Killed a centaur warrior
  7951 | D:13     | Noticed a two-headed ogre
  7956 | D:13     | Killed a two-headed ogre
  7967 | D:13     | Noticed a vault guard
  7968 | D:13     | Noticed a vault guard
  7973 | D:13     | Killed a vault guard
  7973 | D:13     | Reached skill level 15 in Axes
  7976 | D:13     | Killed a vault guard
  7980 | D:13     | Noticed a vault guard
  7986 | D:13     | Killed a vault guard
  8007 | D:13     | Noticed a centaur warrior
  8017 | D:13     | Killed a centaur warrior
  8017 | D:13     | Gained Boderik as an ally
  8055 | D:13     | Found a gate to the Vaults.
  8055 | D:13     | Noticed a vault guard
  8055 | D:13     | Noticed a vault guard
  8056 | D:13     | Noticed a vault guard
  8056 | D:13     | Noticed a vault guard
  8057 | D:13     | Noticed a vault guard
  8062 | D:13     | Killed a vault guard
  8064 | D:13     | Killed a vault guard
  8064 | D:13     | Reached skill level 16 in Axes
  8070 | D:13     | Killed a vault guard
  8077 | D:13     | Killed a vault guard
  8077 | D:13     | Gained Margrim as an ally
  8082 | D:13     | Killed a vault guard
  8133 | D:13     | Sergey: !lm
  8138 | D:13     | beem: 7108. [2018-04-05 20:44:17] Sergey the Warrior (L27 HOAE of Beogh) entered the realm of Lom Lobon on turn 53438. (Pan)
  8159 | D:13     | Sergey: I just killed lom
  8165 | D:13     | 4thArraOfDagon: ohh
  8165 | D:13     | Sergey: only thing that I was need is smite !
  8165 | D:13     | 4thArraOfDagon: wow
  8165 | D:13     | Sergey: not only
  8165 | D:13     | Sergey: with fasr
  8165 | D:13     | 4thArraOfDagon: yea, amazing
  8165 | D:13     | Sergey: fast
  8165 | D:13     | 4thArraOfDagon: I notice that smite is so good
  8174 | D:13     | Identified the cursed +0 ring mail of the Beggar {MR+} (You found it on level 11 of the Dungeon)
  8175 | D:13     | Sergey: I was surprised
  8176 | D:13     | 4thArraOfDagon: enough good to justify existence of this god
  8193 | D:13     | 4thArraOfDagon: how amazing
  8240 | D:13     | Sergey: but he was also slowed
  8241 | D:13     | 4thArraOfDagon: scarabs? ;)
  8253 | D:13     | Sergey: ye
  8269 | D:13     | Sergey: just 1 scarab
  8269 | D:13     | Identified the +9 mace of Giemug {venom, rPois} (You found it on level 11 of the Dungeon)
  8271 | D:13     | Sergey: my army wasnt effective against tornado
  8350 | D:14     | Learned a level 5 spell: Lee's Rapid Deconstruction
  8410 | D:14     | Sergey: with 27 invo (which is possible for HO) I think you need just fast and smite
  8414 | D:14     | Noticed a two-headed ogre
  8429 | D:14     | Reached skill level 17 in Axes
  8431 | D:14     | Killed a two-headed ogre
  8431 | D:14     | Reached XP level 13. HP: 106/122 MP: 19/19
  8597 | D:15     | Entered Level 15 of the Dungeon
  8650 | D:15     | Reached skill level 18 in Axes
  8656 | D:15     | Sergey: but still quazlal works better
  8670 | D:15     | Sergey: with 27 invo
  8684 | D:15     | Gained Rocco as an ally
  8707 | D:15     | Got a translucent falchion {speed}
  8999 | D:15     | Noticed a fire dragon
  9007 | D:15     | Killed a fire dragon
  9016 | D:15     | Noticed an ice dragon
  9023 | D:15     | Killed an ice dragon
  9034 | D:15     | Found a staircase to the Depths.
  9096 | D:15     | Reached skill level 19 in Axes
  9557 | Orc:1    | Entered Level 1 of the Orcish Mines
  9610 | Orc:1    | Found a shimmering altar of Xom.
  9625 | Orc:1    | Found Riahi Yca's Gadget Emporium.
  9685 | Orc:1    | Found a runed door.
  9710 | Orc:1    | Found the +10 large shield of Ignorance {rN+ Int-4}
  9761 | Orc:1    | Sergey: can monsters enter zig with me ?
  9769 | Orc:1    | Found a runed door.
  9915 | Orc:2    | Entered Level 2 of the Orcish Mines
  9947 | Orc:2    | Gained Harm as an ally
  9955 | Orc:2    | Your ally Harm died
  9977 | Orc:2    | Noticed Nessos
  9978 | Orc:2    | Noticed Nessos
  9978 | Orc:2    | Nessos changed into Nessos the swamp dragon
  9986 | Orc:2    | Killed Nessos the swamp dragon
 10104 | Orc:2    | Found Opoibli's Magic Scroll Boutique.
 10104 | Orc:2    | Found Kabrul's Book Shop.
 10105 | Orc:2    | Found Ilichen's Book Shop.
 10108 | Orc:2    | Found Litt's Jewellery Boutique.
 10115 | Orc:2    | Bought a book of Transfigurations for 990 gold pieces
 10122 | Orc:2    | Learned a level 6 spell: Statue Form
 10156 | Orc:2    | Reached skill level 20 in Axes
 10308 | Orc:1    | Reached skill level 1 in Earth Magic
 10344 | Orc:1    | Gained Bogbrand as an ally
 10650 | Lair:1   | Entered Level 1 of the Lair of Beasts
 10742 | Lair:1   | Reached skill level 1 in Transmutations
 10830 | Lair:1   | Identified the cursed +1 robe of Failure {MR+ Regen+ Dex+2} (You found it on level 9 of the Dungeon)
 10919 | Lair:1   | Reached XP level 14. HP: 124/132 MP: 20/20
 11097 | Lair:2   | Upgraded the game from 0.22-a0-322-g60b3cfd to 0.22-a0-346-ga714374
 11438 | Lair:3   | Found a hole to the Spider Nest.
 11562 | Lair:4   | Killed DEFE's ghost
 11570 | Lair:4   | Found a transporter.
 11606 | Lair:4   | Found a transporter.
 11609 | Lair:4   | Reached skill level 5 in Earth Magic
 11882 | Lair:5   | Noticed Snorg
 11893 | Lair:5   | Killed Snorg
 11952 | Lair:6   | Entered Level 6 of the Lair of Beasts
 12133 | Lair:6   | WTF
 12180 | Lair:6   | Noticed Kirke
 12186 | Lair:6   | Killed Kirke
 12186 | Lair:6   | Reached skill level 5 in Transmutations
 12272 | Lair:6   | Gained Bogwik as an ally
 12344 | Lair:6   | Reached XP level 15. HP: 135/138 MP: 21/21
 12609 | Lair:6   | Found a runed door.
 12687 | Lair:6   | Reached skill level 5 in Spellcasting
 12966 | Lair:5   | Found a viscous altar of Jiyva.
 12967 | Lair:5   | Found a staircase to the Slime Pits.
 13050 | Lair:5   | Gained Margrim as an ally
 13458 | Orc:2    | Found a staircase to the Elven Halls.
 13465 | Elf:1    | Entered Level 1 of the Elven Halls
 13636 | Elf:1    | Got a scintillating jade ring
 13638 | Elf:1    | Identified the ring "Xiquizuri" {Fire rN+ MR+ Dex-5} (You found it on level 1 of the Elven Halls)
 13680 | Elf:1    | Learned a level 3 spell: Conjure Flame
 13683 | Elf:1    | Learned a level 2 spell: Passwall
 13688 | Elf:1    | Learned a level 4 spell: Passage of Golubria
 13981 | Elf:2    | Noticed a deep elf sorcerer
 13985 | Elf:2    | Killed a deep elf sorcerer
 13992 | Elf:2    | Gained Urtork as an ally
 14116 | Elf:2    | Identified Aco Xuo's Disquisition on Evil Secrets
 14121 | Elf:2    | Learned a level 2 spell: Sublimation of Blood
 14125 | Elf:2    | Learned a level 3 spell: Regeneration
 14174 | Elf:2    | Reached skill level 10 in Earth Magic
 14178 | Elf:2    | Found a runed gate.
 14178 | Elf:2    | Found a runed gate.
 14178 | Elf:2    | Found a runed gate.
 14359 | Elf:2    | Your ally Urtork died
 14426 | Elf:1    | Reached XP level 16. HP: 76/146 MP: 23/25
 14536 | Elf:3    | Entered Level 3 of the Elven Halls
 14857 | Elf:3    | Noticed Nikola
 14869 | Elf:3    | Killed Nikola
 14880 | Elf:3    | Noticed Jorgrun
 15004 | Elf:3    | Killed Jorgrun
 15004 | Elf:3    | Gained Wardok as an ally
 15322 | Elf:3    | Noticed a deep elf master archer
 15331 | Elf:3    | Killed a deep elf master archer
 15533 | Elf:3    | Cast into level 2 of the Abyss (a deep elf sorcerer)
 15635 | Abyss:2  | Gained mutation: You are occasionally teleported next to monsters. [a neqoxec]
 15702 | Abyss:2  | Found a radiant altar of Vehumet.
 15745 | Elf:3    | Escaped the Abyss
 15850 | Elf:3    | Lost mutation: You are occasionally teleported next to monsters. [potion of mutation]
 15850 | Elf:3    | Gained mutation: Your mind is acute. (Int +2) [potion of mutation]
 15850 | Elf:3    | Lost mutation: Your mind is acute. (Int +2) [potion of mutation]
 15850 | Elf:3    | Gained mutation: You are clumsy. (Dex -2) [potion of mutation]
 15850 | Elf:3    | Gained mutation: You expend magic power (3 MP) to strengthen your wands. [potion of mutation]
 15925 | Elf:3    | Noticed a deep elf blademaster
 15949 | Elf:3    | Killed a deep elf blademaster
 15951 | Elf:3    | Reached XP level 17. HP: 67/152 MP: 21/27
 15959 | Elf:3    | Got a flickering granite ring
 15998 | Elf:3    | Reached skill level 1 in Necromancy
 16026 | Elf:3    | Reached skill level 1 in Charms
 16175 | Elf:3    | Noticed a deep elf blademaster
 16177 | Elf:3    | Noticed a Tzitzimitl
 16179 | Elf:3    | Noticed a deep elf master archer
 16217 | Elf:3    | Found Liolaipp's Assorted Antiques.
 16417 | Elf:3    | Killed a deep elf blademaster
 16466 | Elf:3    | Killed a deep elf master archer
 16498 | Elf:3    | Got a transparent silver ring
 16508 | Elf:3    | Noticed a deep elf blademaster
 16539 | Elf:3    | Killed a deep elf blademaster
 16579 | Elf:3    | Reached skill level 5 in Dodging
 16582 | Elf:3    | Got a shimmering copper ring
 16623 | Elf:3    | Noticed a deep elf blademaster
 16651 | Elf:3    | Killed a deep elf blademaster
 16766 | Elf:3    | Reached skill level 5 in Necromancy
 16875 | Elf:3    | Identified the Handbook of the Other Side
 16934 | Elf:3    | Identified the ring of Suemn {MP+9 Int+5} (You took it off a deep elf annihilator on level 3 of the Elven Halls)
 16938 | Elf:3    | Identified the ring "Zatukkil" {*Drain rC++ Slay+2} (You took it off a deep elf demonologist on level 3 of the Elven Halls)
 16943 | Elf:3    | Identified the ring of the Albatross {rElec MR+ Int+3} (You took it off a deep elf elementalist on level 3 of the Elven Halls)
 17268 | Elf:2    | Noticed a deep elf blademaster
 17276 | Elf:2    | Killed a deep elf blademaster
 17276 | Elf:2    | Killed from afar by a deep elf mage

Vault maps used:
D:1:      matt_arrival_diagonals
D:2:      minmay_misc_feat_roman, grunt_dithmenos_smoke, uniq_natasha
D:3:      old_standard_altar, lemuel_doored_altar, first_ration, hex_medium,
          uniq_robin, uniq_grinder
D:4:      kennysheep_goblin_castle, fedhas_altar_2, vehumet_statue,
          uniq_blork_the_orc, uniq_sigmund
D:5:      nicolae_overflow_crystal_walls, nicolae_overflow_hidden_temple,
          minmay_temple_entry_purple_smoke, serial_shops, shop
D:6:      serial_shops, shop, portal_sewer_entry_f
D:7:      kennysheep_mini_moat
D:8:      lemuel_round_altar, grunt_livestock
D:9:      erik_orc_4, stair_cage_line, uniq_erolcha
D:10:     david_lair_generic, serial_ice, serial_ice_g, serial_ice_h,
          serial_ice_a, serial_ice_l, lemuel_hellish_altar
D:11:     minmay_misc_feat_tower, minmay_the_grid_2x2, uniq_urug
D:13:     erik_vaults_2
D:14:     hangedman_decor_peaks_small
D:15:     grunt_enter_depths_hoard
Lair:1:   special_room, lemuel_fruit_tree
Lair:2:   roderic_carrion_pond, grunt_megastairs_2, infiniplex_staircase_pool_2
Lair:3:   spider_nest_entry_web_field, basic_altar
Lair:4:   gammafunk_cloud_chamber, minmay_shoals_entry_hut,
          eino_small_chamber_without_monster, serial_bayou_shore_a
Lair:5:   dpeg_slime_entry_enclosed_altar, serial_bayou_shore_b, uniq_snorg
Lair:6:   wormcave, hangedman_lair_tendril_chambers, uniq_kirke
Orc:1:    serial_shops, shop, basic_altar, chequers_guarded_unrand_ignorance
Orc:2:    st_orc_mages, uniq_nessos
Elf:1:    serial_shops, shop, kennysheep_underground_church, minmay_shop_grove
Elf:2:    minmay_elf_necromancy
Elf:3:    nooodl_elf_gasket, serial_shops, shop, uniq_jorgrun, uniq_nikola
Abyss:2:  evilmike_abyss_exit_plants
Sewer:    sewer_minmay_treatment

Skill      XL: |  1  2  3  4  5  6  7  8  9 10 11 12 13 14 15 16 17 |
---------------+----------------------------------------------------+-----
Fighting       | 1 3 4 5 6 8 10 14 | 14.0
Invocations    | 5 7 8 |  8.2
Armour         | 2 5 8 9 |  9.0
Axes           | 3 12 17 20 | 20.0
Spellcasting   | 2 4 6 7 |  7.0
Earth Magic    | 2 7 10 12 13 | 13.7
Transmutations | 1 5 8 9 |  9.0
Dodging        | 4 5 |  5.5
Necromancy     | 5 |  5.1
Charms         | 4 |  4.5
Stealth        | |  1.5
Conjurations   | |  4.0

Action                   |  1- 3 |  4- 6 |  7- 9 | 10-12 | 13-15 | 16-18 || total
-------------------------+-------+-------+-------+-------+-------+-------++-------
Melee: Unarmed           |    30 |       |       |       |       |       ||    30
       Whip              |     7 |       |       |       |       |       ||     7
       Spear             |     2 |    83 |       |       |       |       ||    85
       Long sword        |       |    48 |    35 |       |       |       ||    83
       Flail             |       |       |   568 |   277 |       |       ||   845
       Mace              |       |       |       |    13 |   188 |       ||   201
       Battleaxe         |       |       |       |       |   635 |   493 ||  1128
Throw: Throwing net      |       |       |       |     1 |       |       ||     1
 Cast: Magic Dart        |    65 |    38 |     4 |       |       |       ||   107
       Statue Form       |       |       |       |       |       |    30 ||    30
       Regeneration      |       |       |       |       |       |     7 ||     7
Invok: Convert to Beogh  |     1 |       |       |       |       |       ||     1
       Smiting           |       |       |       |     9 |    25 |    27 ||    61
       Recall Orcish Fol |       |       |       |     2 |     2 |     2 ||     6
       Stop Recall       |       |       |       |     1 |     2 |       ||     3
       Give Item to Name |       |       |       |       |     1 |       ||     1
 Abil: End Transformatio |       |       |       |       |       |    24 ||    24
Evoke: Wand              |       |     4 |     1 |       |     2 |     5 ||    12
  Use: Potion            |     1 |     1 |     1 |       |     2 |     4 ||     9
       Scroll            |       |     3 |    10 |     3 |    20 |    10 ||    46
 Stab: Sleeping          |     3 |     1 |     4 |       |       |       ||     8
       Distracted        |       |       |       |     2 |     4 |     1 ||     7
       Held in net/web   |       |       |       |     1 |       |       ||     1
  Eat: Chunk             |     2 |     8 |    10 |    12 |    16 |    18 ||    66
       Ration            |       |       |       |       |     3 |     2 ||     5
Armor: Robe              |    10 |     6 |       |       |       |       ||    16
       Ring mail         |       |    45 |    72 |       |       |       ||   117
       Leather armour    |       |       |    87 |       |       |       ||    87
       Chain mail        |       |       |   380 |   257 |    75 |       ||   712
       Fire dragon scale |       |       |       |       |   292 |       ||   292
       Troll leather arm |       |       |       |       |    37 |    34 ||    71
       Skin              |       |       |       |       |       |   288 ||   288
Dodge: Dodged            |    51 |    72 |   375 |   160 |   456 |   262 ||  1376
       Rpst.: Long sword |       |    12 |     6 |       |       |       ||    18

Table legend:
 A = Spawn XP
 B = Non-spawn XP
 C = Spawn XP percentage of total XP
 D = Spawn monster count
 E = Non-spawn monster count
 F = Spawn count percentage of total count
 G = Total turns spent on level
                    A         B        C        D         E        F      G
               +---------+---------+-------+---------+---------+-------+---------
         Total |    3089 |  227127 |   1.3 |       8 |     866 |   0.9 | 17276
               +---------+---------+-------+---------+---------+-------+---------
           D:1 |       0 |      32 |   0.0 |       0 |      20 |   0.0 |  1023
           D:2 |       0 |     110 |   0.0 |       0 |      25 |   0.0 |   952
           D:3 |       0 |     384 |   0.0 |       0 |      27 |   0.0 |   776
           D:4 |       0 |     677 |   0.0 |       0 |      31 |   0.0 |  1000
           D:5 |       0 |     584 |   0.0 |       0 |      13 |   0.0 |   577
           D:6 |       0 |     660 |   0.0 |       0 |      20 |   0.0 |   342
           D:7 |       0 |     534 |   0.0 |       0 |      32 |   0.0 |   374
           D:8 |       0 |    2092 |   0.0 |       0 |      31 |   0.0 |   419
           D:9 |       0 |    2489 |   0.0 |       0 |      31 |   0.0 |   491
          D:10 |       0 |    3695 |   0.0 |       0 |      40 |   0.0 |   577
          D:11 |       0 |    6262 |   0.0 |       0 |      47 |   0.0 |   700
          D:12 |       0 |    4305 |   0.0 |       0 |      18 |   0.0 |   441
          D:13 |       0 |    7915 |   0.0 |       0 |      28 |   0.0 |   454
          D:14 |       0 |    4914 |   0.0 |       0 |      19 |   0.0 |   401
          D:15 |       0 |    9746 |   0.0 |       0 |      33 |   0.0 |   683
        Lair:1 |       0 |    3990 |   0.0 |       0 |      37 |   0.0 |   409
        Lair:2 |       0 |    3978 |   0.0 |       0 |      26 |   0.0 |   293
        Lair:3 |       0 |    6226 |   0.0 |       0 |      29 |   0.0 |   381
        Lair:4 |       0 |    3706 |   0.0 |       0 |      19 |   0.0 |   337
        Lair:5 |       0 |    2986 |   0.0 |       0 |      10 |   0.0 |   289
        Lair:6 |       0 |   31029 |   0.0 |       0 |      97 |   0.0 |   948
         Orc:1 |       0 |    2318 |   0.0 |       0 |      12 |   0.0 |   501
         Orc:2 |       0 |    3861 |   0.0 |       0 |      33 |   0.0 |   650
         Elf:1 |       0 |   10169 |   0.0 |       0 |      18 |   0.0 |   591
         Elf:2 |       0 |   25123 |   0.0 |       0 |      41 |   0.0 |   712
         Elf:3 |       0 |   87198 |   0.0 |       0 |      75 |   0.0 |  2296
       Abyss:2 |    3089 |    1691 |  64.6 |       8 |       6 |  57.1 |   212
         Sewer |       0 |     453 |   0.0 |       0 |      48 |   0.0 |   447
               +---------+---------+-------+---------+---------+-------+---------
